 Dungeon Crawl Stone Soup version 0.18.1-5-g4a78601 (webtiles) character file.

256 IcyTea the Cudgeler (level 6, 0/37 HPs)
             Began as a Tengu Chaos Knight on May 14, 2016.
             Killed from afar by Robin (7 damage)
             ... with a wand of flame
             ... on level 2 of the Dungeon.
             The game lasted 00:09:41 (1796 turns).

IcyTea the Cudgeler (Tengu Chaos Knight)            Turns: 1796, Time: 00:09:42

Health: 0/37       AC:  5    Str: 13 (15) XL:     6   Next: 15%
Magic:  5/7        EV:  8    Int: 10 (12) God:    Xom [*.....]
Gold:   56         SH:  6    Dex: 10 (13) Spells: 0 memorised, 5 levels left

rFire  . . .     SeeInvis .     a - +0 mace (chaos)
rCold  . . .     Gourm    .     n - +2 leather armour
rNeg   . . .     Faith    .     f - +0 shield
rPois  .         Spirit   .     (helmet restricted)
rElec  .         Dismiss  +     (no cloak)
rCorr  .         Reflect  .     (no gloves)
SustAt .         Harm     .     (boots unavailable)
MR     .....                    e - amulet of dismissal
Stlth  ++........               (no ring)
                                h - ring of stealth

@: lethally poisoned (0 -> -4), slowed, very slow, not resistant to hostile
enchantments, unstealthy
A: beak, talons 3, able to fly 1
a: Fly, Renounce Religion


You were on level 2 of the Dungeon.
You worshipped Xom.
You were a special plaything of Xom.
You were near starving.

You visited 1 branch of the dungeon, and saw 2 of its levels.

You collected 56 gold pieces.

Inventory:

Hand Weapons
 a - a +0 mace of chaos (weapon)
 b - a +0 morningstar
Missiles
 l - 22 bolts
Armour
 f - a +0 shield (worn)
 n - a +2 leather armour (worn)
Jewellery
 e - an amulet of dismissal (around neck)
 h - a ring of stealth (left hand)
Scrolls
 i - 2 scrolls of remove curse
 k - a scroll of fear
 m - a scroll of blinking
 o - a scroll of identify
 q - a scroll of immolation {unknown}
 r - a scroll of torment {unknown}
Potions
 g - a potion of lignification
Comestibles
 c - a bread ration
 d - 2 fruits
 j - a beef jerky


   Skills:
 - Level 3.0 Fighting
 + Level 7.3 Maces & Flails
 - Level 2.1 Armour
 - Level 1.1 Dodging


You had 5 spell levels left.
You didn't know any spells.

Dungeon Overview and Level Annotations

Branches:
Dungeon (2/15)

Altars:
Cheibriados
Gozag
Okawaru
Xom

Annotations:
D:2 Robin


Innate Abilities, Weirdness & Mutations

You have a beak for a mouth.
You have claws for feet.
You can fly.


Message History

Robin is severely wounded.
You feel sick. You block Robin's attack.
Robin hits you with a falchion of chaos!
Your amulet of dismissal vibrates suddenly!
You feel your power leaking away.
Robin disappears!
Robin reappears nearby!
You feel sick.
You feel sick.
You feel sick. You block Robin's attack.
You closely miss Robin.
Robin is severely wounded.
You feel sick.
Robin hits you with a falchion of chaos.
* * * LOW HITPOINT WARNING * * *
Robin burns you.
* * * LOW HITPOINT WARNING * * *
Robin zaps a wand.
The puff of flame hits you!
You die... "It's all fun and games until someone loses an eye."

.......#..8##.#.....# #.#
.####..######.###.### #.#
.# #### #.# #.# #..
#############.###.## ###
)..........##.##..(####
##########.......#....# #
##..#.##...##.###
##########..#.##..###.###
..............##@####.###
#######........g...##.###
##.##..####.#.##.###
##.##....#....##.###
##.###.#..##.#.#.### ####
##.###....#.###..###
...####.#####..##.#.####.
........#####.#..........
####.....<.......########


You could see Robin.

Vanquished Creatures
  Sigmund (D:2)
  2 adders (D:2)
  2 oozes (D:2)
  3 worms (D:2)
  3 dart slugs
  A giant gecko (D:1)
  4 giant cockroaches (D:1)
  14 goblins
  9 hobgoblins
  4 kobolds
  2 quokkas
  A ball python (D:1)
  2 bats
  A giant newt (D:2)
  6 rats
55 creatures vanquished.

Notes
Turn   | Place    | Note
--------------------------------------------------------------
     0 | D:1      | IcyTea the Tengu Chaos Knight began the quest for the Orb.
     0 | D:1      | Reached XP level 1. HP: 14/14 MP: 2/2
   135 | D:1      | Reached XP level 2. HP: 18/19 MP: 3/3
   144 | D:1      | Reached skill level 4 in Maces & Flails
   425 | D:1      | Reached XP level 3. HP: 22/23 MP: 4/4
   812 | D:2      | XOM: god gift: morningstar {god gift}
   835 | D:2      | Reached skill level 5 in Maces & Flails
   848 | D:2      | Found an opulent altar of Gozag.
   876 | D:2      | Reached XP level 4. HP: 28/28 MP: 5/5
  1172 | D:2      | Found an iron altar of Okawaru.
  1174 | D:2      | Found a shimmering altar of Xom.
  1177 | D:2      | Found a snail-covered altar of Cheibriados.
  1460 | D:2      | Noticed Robin
  1465 | D:2      | XOM: divination: detect creatures
  1618 | D:2      | Noticed Sigmund
  1623 | D:2      | Killed Sigmund
  1623 | D:2      | Reached skill level 7 in Maces & Flails
  1623 | D:2      | Gained mutation: You can fly. [Tengu growth]
  1623 | D:2      | Reached XP level 5. HP: 16/32 MP: 6/6
  1623 | D:2      | Reached XP level 6. HP: 18/37 MP: 7/7
  1686 | D:2      | XOM: god gift: scroll labeled OFOUZEU NAIHI
  1688 | D:2      | XOM: god gift: scroll labeled IZIUTO QODI
  1773 | D:2      | XOM: vitrification
  1785 | D:2      | XOM: chaos upgrade
  1796 | D:2      | Killed from afar by Robin

Skill      XL: |  1  2  3  4 |
---------------+-------------+-----
Maces & Flails | 4 5 7 |  7.3
Fighting       | |  3.0
Armour         | |  2.1
Dodging        | |  1.1

Action                   |  1- 3 |  4- 6 || total
-------------------------+-------+-------++-------
Melee: Mace              |    74 |     3 ||    77
       Kick              |    19 |     5 ||    24
       Peck              |    17 |     4 ||    21
       Morningstar       |     8 |    54 ||    62
  Use: Scroll            |     4 |       ||     4
       Potion            |       |     5 ||     5
 Stab: Confused          |     1 |       ||     1
  Eat: Chunk             |       |     1 ||     1
Armor: Leather armour    |    32 |    25 ||    57
Dodge: Dodged            |    24 |    18 ||    42
Block: Shield            |    36 |    17 ||    53
